Map: Site Delta LE

Players

Rached - Winner!

  • Race: Terran Terran
  • League: Diamond
  • Spawn Location: 11:00

demzi

  • Race: Zerg Zerg
  • League: Diamond
  • Spawn Location: 5:00

VOD

Have the link to the VOD?

Description

Time

  • Played on: March 24, 2024, 2:53 p.m.
  • Length: 6:26
Show
View Real Time Build Order
Export as new Build Order

Rached Terran - Winner!

Build Orders: Hellion Opening, Reaper Expand 

Get SALT Encoding   

  12  0:00  SCV  
  13  0:12  SCV  
  14  0:18  Supply Depot  
  14  0:24  SCV  
  15  0:40  SCV  
  15  0:41  Barracks  
  16  0:44  Refinery  
  16  0:52  SCV  
  17  1:04  SCV  
  18  1:16  SCV  
  19  1:28  Orbital Command, Reaper  
  20  1:39  Command Center  
  20  1:47  Supply Depot  
  20  1:54  SCV  
  20  2:00  Marine  
  22  2:08  SCV  
  23  2:11  Factory  
  23  2:12  Refinery  
  23  2:20  SCV  
  24  2:22  Barracks Reactor  
  24  2:32  SCV  
  26  2:44  SCV  
  26  2:52  Orbital Command  
  26  2:56  SCV  
  27  3:06  Hellion x2  
  27  3:08  SCV  
  32  3:18  Starport  
  33  3:20  SCV x2  
  34  3:28  Hellion x2  
  34  3:30  Supply Depot  
  34  3:32  SCV x2  
  40  3:44  SCV x2  
  42  3:49  Hellion x2  
  42  3:52  Supply Depot  
  46  3:56  SCV x2  
  46  4:02  Viking, Fusion Core  
  50  4:08  SCV  
  50  4:09  SCV  
  52  4:10  Hellion  
  52  4:14  Hellion  
  56  4:20  SCV  
  56  4:21  SCV  
  58  4:31  Supply Depot  
  58  4:32  Starport Tech Lab, Hellion, SCV  
  58  4:33  SCV  
  58  4:36  Refinery  
  58  4:38  Refinery  
  62  4:53  Hellion, Battlecruiser  
  62  4:57  Supply Depot  
  70  5:16  Command Center  
  70  5:19  SCV x2  
  70  5:20  Supply Depot  
  70  5:21  Supply Depot  
  70  5:43  Supply Depot  
  71  5:50  SCV x2  
  71  5:52  Hellion x2  
  76  5:58  Factory  
  76  6:00  Factory  
  76  6:02  SCV  
  77  6:10  Supply Depot  
Show
View Real Time Build Order
Export as new Build Order

demzi Zerg 

Build Orders: Hatch First 

Get SALT Encoding   

  12  0:00  Drone  
  13  0:13  Overlord  
  13  0:21  Drone  
  14  0:31  Drone x2  
  16  0:49  Hatchery  
  15  0:52  Drone  
  15  0:55  Drone  
  17  0:59  Drone  
  18  1:07  Extractor  
  17  1:15  Spawning Pool  
  16  1:22  Drone x2  
  18  1:31  Drone  
  19  1:39  Drone  
  20  1:50  Overlord  
  20  2:03  Zergling x4  
  20  2:04  Queen x2  
  26  2:11  Drone  
  26  2:13  Overlord  
  27  2:19  Metabolic Boost  
  27  2:31  Drone x2  
  28  2:39  Drone x2  
  28  2:41  Queen  
  32  3:03  Drone x2  
  32  3:05  Drone  
  35  3:07  Hatchery  
  34  3:16  Drone x3  
  34  3:17  Drone x2  
  39  3:22  Overlord  
  39  3:28  Overlord  
  39  3:31  Overlord  
  39  3:45  Queen  
  41  3:49  Zergling x8  
  41  3:50  Zergling x2  
  46  3:59  Drone  
  46  4:00  Drone x2  
  49  4:03  Drone x2  
  49  4:07  Extractor  
  49  4:09  Extractor  
  49  4:10  Spore Crawler x2  
  49  4:11  Drone  
  49  4:12  Drone  
  49  4:14  Lair  
  49  4:24  Queen  
  49  4:26  Zergling x6  
  53  4:32  Drone x3  
  53  4:33  Drone  
  53  4:34  Drone  
  53  4:36  Drone  
  59  4:43  Baneling Nest  
  57  4:46  Evolution Chamber  
  57  4:49  Evolution Chamber  
  57  4:52  Zergling x6  
  58  5:01  Drone x3  
  61  5:12  Zergling x8  
  53  5:44  Queen  
  53  5:49  Drone x11  
  66  6:03  Overlord x2  
  66  6:04  Overlord x2  
Tags
 
Add a new tag
Caveats
  • Supply blocks, unpowered buildings, or Contaminate may cause inaccurate times.
  • Supply counts are checked every 10 seconds.